 Dungeon Crawl Stone Soup version 0.27-a0-1144-g0b7d3b79db (webtiles) character file.

Game seed: 7033474931353515370

3605 sizableburger the Gusty (level 10, -2/57 (64) HPs)
             Began as an Octopode Air Elementalist on May 10, 2021.
             Was a Follower of Fedhas.
             Slain by a wight
             ... wielding a +5 trident
              (12 damage)
             ... on level 7 of the Dungeon.
             The game lasted 00:32:03 (9484 turns).

sizableburger the Gusty (Octopode Air Elementalist) Turns: 9484, Time: 00:32:03

HP:   -2/57 (64)    AC:  6    Str:  7    XL:     10   Next: 10%
MP:   1/17          EV: 13    Int: 32    God:    Fedhas [*.....]
Gold: 306           SH:  0    Dex: 14    Spells: 3/19 levels left

rFire    . . .     SeeInvis .   d - staff of conjuration
rCold    . . .     Faith    .   (no shield)
rNeg     . . .     Spirit   .   f - +1 hat
rPois    .         Reflect  .   (no amulet)
rElec    .         Harm     .   i - +6 ring of intelligence
rCorr    .         Rampage  .   l - +4 ring of protection
Will     .....                  h - +6 ring of intelligence
Stlth    +++.......             (no ring)
HPRegen  0.19/turn              (no ring)
MPRegen  0.15/turn              (no ring)
                                (no ring)
                                (no ring)

@: swift, heavily drained, quick
A: almost no armour, amphibious, 8 rings, camouflage 1, gelatinous body 1,
(nimble swimmer 1), tentacles
a: Renounce Religion


You were on level 7 of the Dungeon.
You worshipped Fedhas.
Fedhas was aware of your devotion.
You visited 1 branch of the dungeon, and saw 7 of its levels.
You also visited: Ossuary.

You collected 306 gold pieces.

Inventory:

Hand Weapons
 b - a +2 whip of venom
Missiles
 t - 5 boomerangs
Armour
 f - a +1 hat (worn)
Magical Staves
 d - a staff of conjuration (weapon)
Jewellery
 a - an amulet of guardian spirit
 h - a +6 ring of intelligence (on tentacle)
 i - a +6 ring of intelligence (left tentacle)
 l - a +4 ring of protection (right tentacle)
 x - a ring of fire
Wands
 j - a wand of flame (34)
 m - a wand of iceblast (8)
 A - a wand of paralysis (4)
Scrolls
 o - 3 scrolls of magic mapping
 p - a scroll of vulnerability {unknown}
 r - 2 scrolls of enchant weapon
 u - 2 scrolls of blinking
 w - a scroll of brand weapon
 y - a scroll of immolation
 z - 2 scrolls of teleportation
Potions
 c - 3 potions of brilliance
 e - 2 potions of flight
 g - 3 potions of might
 n - 2 potions of degeneration
 q - 2 potions of curing
 s - a potion of invisibility
 v - a potion of haste


   Skills:
 - Level 4.2 Fighting
 - Level 4.0(4.8) Maces & Flails
 + Level 3.9(4.7) Staves
 - Level 2.0 Dodging
 - Level 2.6 Stealth
 - Level 5.1 Spellcasting
 + Level 6.8 Conjurations
 + Level 7.0 Air Magic
 + Level 5.8 Evocations


You had 3 spell levels left.
You knew the following spells:

 Your Spells              Type           Power      Damage    Failure   Level
a - Shock                 Conj/Air       100%       1d9       1%          1
b - Swiftness             Air            52%        N/A       1%          3
c - Airstrike             Air            26%        N/A       2%          4
d - Lightning Bolt        Conj/Air       34%        1d51      9%          5
e - Mephitic Cloud        Conj/Pois/Air  54%        N/A       2%          3

Your spell library contained the following spells:

 Spells                   Type           Power      Damage    Failure   Level
 Static Discharge         Conj/Air       68%        N/A       1%          2
 Stone Arrow              Conj/Erth      90%        3d12      3%          3
 Sandblast                Erth           16%        2d6       4%          1
 Summon Small Mammal      Summ           32%        N/A       4%          1
 Passwall                 Tmut/Erth      6%         N/A       8%          2
 Fulminant Prism          Conj/Hex       22%        3d13      12%         4
 Petrify                  Tmut/Erth      8%         N/A       45%         4
 Lee's Rapid Deconstruct  Erth           4%         3d6*      80%         5
 Summon Mana Viper        Hex/Summ       8%         N/A       80%         5


Dungeon Overview and Level Annotations

Branches:
Dungeon (7/15)             Temple (0/1) D:6         Ossuary (visited)

Altars:
Elyvilon
Fedhas
Hepliaklqana
Yredelemnul


Innate Abilities, Weirdness & Mutations

You cannot wear most types of armour.
You are amphibious.
You can wear up to eight rings at the same time.
Your skin changes colour to match your surroundings (Stealth+).
Your rubbery body absorbs attacks. (AC +1, EV +1)
((You are camouflaged near water. (Stealth+)))
You have tentacles for arms and can constrict up to eight enemies at once.


Message History

The wight is heavily damaged.
You constrict the wight, but do no damage.
The wight hits you with a +5 trident.
* * * LOW HITPOINT WARNING * * *
You feel drained.
You release your grip on the wight.
The wight hits you from afar with a +5 trident!
* * * LOW HITPOINT WARNING * * *
Things that are here:
a +0 whip; a +0 leather armour; a gnoll skeleton You feel much better.
The wight barely misses you.
Casting: Lightning Bolt (dangerous; 9% risk of failure)
Confirm with . or Enter, or press ? or * to list all spells.
You don't have enough magic to cast this spell.
Casting: Lightning Bolt (dangerous; 9% risk of failure)
Confirm with . or Enter, or press ? or * to list all spells.
Okay, then.
Casting: Lightning Bolt (dangerous; 9% risk of failure)
Confirm with . or Enter, or press ? or * to list all spells.
You don't have enough magic to cast this spell.
Casting: Lightning Bolt (dangerous; 9% risk of failure)
Confirm with . or Enter, or press ? or * to list all spells.
You feel quick.
The wight hits you from afar with a +5 trident.
You feel drained.
The wight hits you from afar with a +0 spear.
You feel drained. The wight misses you.
Things that are here:
a +0 shortbow; 25 arrows The wight hits you from afar with a +0 spear!
* * * LOW HITPOINT WARNING * * *
The wight hits you from afar with a +0 spear.
* * * LOW HITPOINT WARNING * * *
You feel drained. The wight misses you.
Found a potion of flight.
The wight hits you from afar with a +5 trident!
You die...
Fedhas appreciates your contribution to the ecosystem.

..........#..........#
#.........#.#........#
#...........#........#
..........#..........#
.........####.......##
.).......###.........#
.)).....###..........#######'#
.<.##...##.....>.....>.......#
..###...........@...........####
....###......<..........##.....#
....# ...........zz...###.....#
###.# ...............).....#..##
... >..................#...#
...# .!..#.#.................
#.# ....####..#...#......... .#
... ####............. #.# ....
##.......#....


You could see 2 wights.

Vanquished Creatures
  A kobold demonologist (D:6)
  Grinder (D:5)
  Eustachio (D:5)
  A steam dragon (D:6)
  An orc warrior (D:7)
  An ice beast (D:4)
  3 sky beasts
  A necrophage (D:7)
  A black bear (D:4)
  2 ogres
  2 centaurs
  2 bullfrogs
  2 scorpions
  5 water moccasin zombies
  A killer bee (D:7)
  6 wights (D:7)
  2 centaur zombies
  4 orc priests
  2 gnoll shamans (D:7)
  2 hounds
  A jelly (D:5)
  A bullfrog skeleton (D:6)
  A centaur skeleton (D:7)
  2 iguanas
  2 orc wizards
  A hound skeleton (D:5)
  3 mummies
  A howler monkey zombie (D:7)
  5 adders
  2 howler monkey skeletons
  A white imp (D:6)
  An adder skeleton (D:4)
  13 adder zombies (Ossuary)
  A worm (D:3)
  A dart slug (D:1)
  22 orcs
  6 endoplasms
  2 giant cockroaches (D:1)
  3 gnoll zombies (Ossuary)
  9 goblins
  8 hobgoblins
  2 jackals (D:5)
  4 kobolds
  4 quokkas
  4 ball pythons
  2 bats
  3 frilled lizards (D:1)
  A goblin zombie (D:4)
  2 hobgoblin zombies (Ossuary)
  8 kobold zombies
  6 orc zombies (Ossuary)
  4 rats
167 creatures vanquished.

Notes
Turn   | Place    | Note
-------+----------+-------------------------------------------
     0 | D:1      | sizableburger the Octopode Air Elementalist began the quest
                  | for the Orb.
     0 | D:1      | Reached XP level 1. HP: 11/11 MP: 3/3
   287 | D:1      | Reached XP level 2. HP: 17/17 MP: 5/5
   663 | D:1      | Reached XP level 3. HP: 21/21 MP: 4/6
   735 | D:1      | Reached skill level 1 in Maces & Flails
  1500 | D:2      | Found a hazy altar of Hepliaklqana.
  2165 | D:3      | Learned a level 3 spell: Swiftness
  2181 | D:3      | Reached XP level 4. HP: 27/27 MP: 0/7
  2736 | D:3      | Found a basalt altar of Yredelemnul.
  2751 | D:3      | Reached skill level 4 in Air Magic
  3190 | D:4      | Reached XP level 5. HP: 29/31 MP: 3/8
  3191 | D:4      | Noticed a black bear
  3284 | D:4      | Killed a black bear
  3285 | D:4      | Reached XP level 6. HP: 32/36 MP: 1/9
  3378 | D:4      | Found a sand-covered staircase.
  3407 | Ossuary  | Entered an ossuary
  3689 | Ossuary  | Reached skill level 5 in Air Magic
  3691 | Ossuary  | Reached XP level 7. HP: 41/41 MP: 5/10
  3740 | Ossuary  | Learned a level 4 spell: Airstrike
  4451 | D:4      | Reached skill level 1 in Fighting
  4673 | D:5      | Entered Level 5 of the Dungeon
  4824 | D:4      | Reached skill level 5 in Conjurations
  4824 | D:4      | Reached XP level 8. HP: 16/50 MP: 1/12
  5193 | D:5      | Found a blossoming altar of Fedhas.
  5394 | D:5      | Noticed Eustachio
  5397 | D:5      | Reached skill level 1 in Evocations
  5760 | D:5      | Killed Eustachio
  5904 | D:5      | Became a worshipper of Fedhas Madash
  5927 | D:5      | Noticed Grinder
  6106 | D:5      | Reached skill level 6 in Air Magic
  6457 | D:5      | Killed Grinder
  6458 | D:5      | Reached XP level 9. HP: 58/58 MP: 2/15
  6464 | D:5      | Learned a level 5 spell: Lightning Bolt
  6777 | D:6      | Noticed a kobold demonologist
  6790 | D:6      | Killed a kobold demonologist
  6791 | D:6      | Reached skill level 1 in Staves
  6849 | D:6      | Found a staircase to the Ecumenical Temple.
  7024 | D:6      | Found a white marble altar of Elyvilon.
  7654 | D:6      | Reached skill level 5 in Spellcasting
  8612 | D:7      | Reached skill level 5 in Evocations
  8616 | D:7      | Reached * piety under Fedhas
  8770 | D:7      | Identified the Disquisition on Battle Magic and Companions
  8776 | D:7      | Learned a level 3 spell: Mephitic Cloud
  9088 | D:7      | Reached XP level 10. HP: 59/64 MP: 13/17
  9456 | D:7      | Reached skill level 7 in Air Magic
  9484 | D:7      | Slain by a wight

Illustrated notes

Levels and vault maps discovered:
D:1:      dpeg_arrival_boxorama, layout_basic, chequers_serial_rivers_marsh
D:2:      layout_rooms, basic_altar
D:3:      layout_loops_cross, old_standard_altar, serial_park_tiny_pond,
          amcnicky_mini_corridor_feature
D:4:      layout_rooms, nicolae_ossuary_entry_giza
D:5:      layout_cave_pools, fedhas_bush_and_centaur_altar, uniq_eustachio,
          uniq_grinder
D:6:      layout_layer_cave, lemuel_tele_altar, minmay_temple_entry_tees,
          minivault_5
D:7:      layout_cave_pools, glass_columns_b, kennysheep_path_1,
          amcnicky_mini_rare_corridor_liquid, kennysheep_generic_room_6

Skill      XL: |  1  2  3  4  5  6  7  8  9 10 |
---------------+-------------------------------+-----
Maces & Flails | 1 2 3 4 |  4.0
Conjurations   | 2 3 4 5 6 |  6.8
Air Magic      | 4 5 6 7 |  7.0
Fighting       | 2 4 |  4.2
Spellcasting   | 3 4 5 |  5.1
Evocations     | 3 5 |  5.8
Staves         | 3 |  3.9
Dodging        | |  2.0
Stealth        | |  2.6

Action                   |  1- 3 |  4- 6 |  7- 9 | 10-12 || total
-------------------------+-------+-------+-------+-------++-------
Melee: Unarmed           |     3 |       |       |       ||     3
       Whip              |    26 |    26 |    64 |       ||   116
       Constrict         |     6 |    10 |    33 |     3 ||    52
       Tentacles         |       |     4 |    26 |     2 ||    32
       Staff             |       |       |    61 |     9 ||    70
 Cast: Shock             |    57 |    56 |    93 |     6 ||   212
       Airstrike         |       |       |    30 |     7 ||    37
       Lightning Bolt    |       |       |     4 |     2 ||     6
       Swiftness         |       |       |       |     1 ||     1
Evoke: Wand              |       |       |     1 |       ||     1
  Use: Scroll            |     3 |     4 |     7 |     1 ||    15
       Potion            |       |       |     8 |     1 ||     9
 Stab: Sleeping          |     3 |     1 |     5 |       ||     9
Armor: Skin              |     7 |    11 |    98 |     3 ||   119
Dodge: Dodged            |    22 |    21 |   145 |    16 ||   204

Table legend: (Time is in decaauts)
 A = Elapsed time spent in this place.
 B = Non-inter-level travel time spent in this place.
 C = Inter-level travel time spent in this place.
 D = Time resting spent in this place.
 E = Time spent auto-exploring this place.
 F = Levels seen in this place.
 G = Mean time per level.
                   A        B        C        D        E       F      G
               +--------+--------+--------+--------+--------+-----+--------+
         Total |   9463 |   9245 |    218 |   4086 |   3845 |   8 | 1182.9 |
       Dungeon |   8808 |   8590 |    218 |   3626 |   3842 |   7 | 1258.3 |
       Ossuary |    655 |    655 |      0 |    460 |      3 |   1 |  655.0 |
               +--------+--------+--------+--------+--------+-----+--------+

Top non-repeatable levels by time:
     D:6: 1882 daAuts
     D:4: 1652 daAuts
     D:1: 1405 daAuts
     D:3: 1217 daAuts
     D:5: 1152 daAuts
     D:7: 904 daAuts
 Ossuary: 655 daAuts
     D:2: 594 daAuts
